BSA
ST CHARLES SHEENS @ KANSAS CITY KINGS
03/11/2024
 
TOP OF THE 1ST
St Charles Sheens batting - Pitching for Kansas City Kings : RHP Cristóbal Gómez
Pitching: RHP Cristóbal Gómez
Batting: LHB Marcos Cantú 0-0: Called Strike
0-1: Ball
1-1: Ball
2-1: Ground out 6-3 (Groundball, 6)
Batting: LHB Jeff Carter 0-0: Ground out 4-3 (Groundball, 13)
Batting: RHB Howard Lane 0-0: DOUBLE (Line Drive, 9LS)
Batting: LHB Gene Cooper 0-0: SINGLE (Groundball, 56D)
Howard Lane to third
Runner from 3rd tries for Home, SAFE, throw made home
Gene Cooper to second
Batting: RHB Daniel Robert 0-0: Ball
1-0: Ball
2-0: Ball
3-0: Called Strike
3-1: Foul Ball, location: 2F
3-2: Base on Balls
Batting: RHB Guo-xiu Choi 0-0: Swinging Strike
0-1: Swinging Strike
0-2: Strikes out looking
Top of the 1st over - 1 run(s), 2 hit(s), 0 error(s), 2 left on base; St Charles 1 - Kansas City 0
BOTTOM OF THE 1ST
Kansas City Kings batting - Pitching for St Charles Sheens : RHP Oscar Wheeler
Pitching: RHP Oscar Wheeler
Batting: RHB Chris Chandler 0-0: Called Strike
0-1: Called Strike
0-2: Ball
1-2: Ground out 6-3 (Groundball, 6)
Batting: LHB Marc Nichols 0-0: Ball
1-0: SINGLE (Groundball, 2L) (infield hit)
Batting: RHB Aaron Scott 0-0: Foul Ball, location: 2F
0-1: Swinging Strike
0-2: Ball
1-2: Foul Ball, location: 2F
1-2: SINGLE (Flyball, 9S)
Marc Nichols to second
Batting: LHB Vic Robertson 0-0: Called Strike
0-1: Fly out, F6 (Popup, 56)
Batting: RHB Alonso Ramos 0-0: Ball
1-0: Foul Ball, location: 2F
1-1: 3-RUN HOME RUN (Flyball, 78XD), Distance : 435 ft
Batting: RHB Toshimichi Kono 0-0: Ball
1-0: Fly out, F5 (Popup, 5S)
Bottom of the 1st over - 3 run(s), 3 hit(s), 0 error(s), 0 left on base; St Charles 1 - Kansas City 3
TOP OF THE 2ND
St Charles Sheens batting - Pitching for Kansas City Kings : RHP Cristóbal Gómez
Batting: RHB Dan Tyler 0-0: Called Strike
0-1: Ball
1-1: Ball
2-1: Ball
3-1: Called Strike
3-2: Strikes out swinging
Batting: RHB Júlio Figueroa 0-0: Called Strike
0-1: Ball
1-1: SINGLE (Line Drive, 56D)
Batting: SHB Richard Bowman 0-0: Called Strike
0-1: Foul Ball, location: 2F
0-2: Ball
1-2: Fly out, F2 (Popup, 2LF)
Batting: LHB Marcos Cantú 0-0: Foul Ball, location: 2F
0-1: Ball
1-1: SINGLE (Flyball, 7S)
Júlio Figueroa to second
Batting: LHB Jeff Carter 0-0: Ball
1-0: Foul Ball, location: 2F
1-1: Foul Ball, location: 2F
1-2: Strikes out swinging
Top of the 2nd over - 0 run(s), 2 hit(s), 0 error(s), 2 left on base; St Charles 1 - Kansas City 3
BOTTOM OF THE 2ND
Kansas City Kings batting - Pitching for St Charles Sheens : RHP Oscar Wheeler
Batting: SHB Víctor Serrano 0-0: Swinging Strike
0-1: Swinging Strike
0-2: Ball
1-2: Foul Ball, location: 2F
1-2: Strikes out swinging
Batting: LHB Ethan Marshall 0-0: Ball
1-0: Ball
2-0: SINGLE (Line Drive, 6M)
Batting: RHB Dave Parker 0-0: Fielders Choice at 2nd, 1-4 (Groundball, 13S)
Batting: RHB Chris Chandler 0-0: Ball
1-0: Ball
2-0: Ground out 5-3 (Groundball, 5S)
Bottom of the 2nd over - 0 run(s), 1 hit(s), 0 error(s), 1 left on base; St Charles 1 - Kansas City 3
TOP OF THE 3RD
St Charles Sheens batting - Pitching for Kansas City Kings : RHP Cristóbal Gómez
Batting: RHB Howard Lane 0-0: Ball
1-0: Ball
2-0: Ball
3-0: Called Strike
3-1: Called Strike
3-2: Foul Ball, location: 2F
3-2: Foul Ball, location: 2F
3-2: Fly out, F8 (Flyball, 8LD)
Batting: LHB Gene Cooper 0-0: Called Strike
0-1: Foul Ball, location: 2F
0-2: Fly out, F7 (Flyball, 7M)
Batting: RHB Daniel Robert 0-0: Ball
1-0: Swinging Strike
1-1: Ball
2-1: Foul Ball, location: 2F
2-2: Ball
3-2: Fly out, F3 (Popup, 3F)
Top of the 3rd over - 0 run(s), 0 hit(s), 0 error(s), 0 left on base; St Charles 1 - Kansas City 3
BOTTOM OF THE 3RD
Kansas City Kings batting - Pitching for St Charles Sheens : RHP Oscar Wheeler
Batting: LHB Marc Nichols 0-0: Called Strike
0-1: Ball
1-1: Foul Ball, location: 2F
1-2: Strikes out looking
Batting: RHB Aaron Scott 0-0: DOUBLE (Flyball, 89XD)
Batting: LHB Vic Robertson 0-0: Called Strike
0-1: Called Strike
0-2: Ball
1-2: Strikes out looking
Batting: RHB Alonso Ramos 0-0: Foul Ball, location: 2F
0-1: Ball
1-1: Foul Ball, location: 2F
1-2: Strikes out swinging
Bottom of the 3rd over - 0 run(s), 1 hit(s), 0 error(s), 1 left on base; St Charles 1 - Kansas City 3
TOP OF THE 4TH
St Charles Sheens batting - Pitching for Kansas City Kings : RHP Cristóbal Gómez
Batting: RHB Guo-xiu Choi 0-0: Ball
1-0: Bunted foul
1-1: SINGLE (Groundball, 6MD)
Batting: RHB Dan Tyler 0-0: Ball
1-0: Ball
Guo-xiu Choi is caught stealing 2nd base
2-0: Fly out, F7 (Flyball, 7D)
Batting: RHB Júlio Figueroa 0-0: Called Strike
0-1: Ball
1-1: Foul Ball, location: 2F
1-2: Fly out, F8 (Line Drive, 8LM)
Top of the 4th over - 0 run(s), 1 hit(s), 0 error(s), 0 left on base; St Charles 1 - Kansas City 3
BOTTOM OF THE 4TH
Kansas City Kings batting - Pitching for St Charles Sheens : RHP Oscar Wheeler
Batting: RHB Toshimichi Kono 0-0: Ball
1-0: Ball
2-0: Ball
3-0: Called Strike
3-1: DOUBLE (Flyball, 89D)
Batting: SHB Víctor Serrano 0-0: Ball
1-0: Ball
2-0: Called Strike
2-1: Swinging Strike
2-2: Ball
3-2: Base on Balls
Batting: LHB Ethan Marshall 0-0: Ball
1-0: Ball
2-0: Called Strike
2-1: Called Strike
2-2: Strikes out looking
Batting: RHB Dave Parker 0-0: Called Strike
0-1: Ball
1-1: Ball
2-1: Swinging Strike
2-2: Strikes out swinging
Batting: RHB Chris Chandler 0-0: Ground out 5-3 (Groundball, 15S)
Bottom of the 4th over - 0 run(s), 1 hit(s), 0 error(s), 2 left on base; St Charles 1 - Kansas City 3
TOP OF THE 5TH
St Charles Sheens batting - Pitching for Kansas City Kings : RHP Cristóbal Gómez
Pitching: RHP Ignacio Beltrán
Batting: SHB Richard Bowman 0-0: Called Strike
0-1: Swinging Strike
0-2: Strikes out looking
Batting: LHB Marcos Cantú 0-0: Fly out, F7 (Flyball, 7M)
Batting: LHB Jeff Carter 0-0: SINGLE (Groundball, 3D)
Batting: RHB Howard Lane 0-0: Ball
1-0: Foul Ball, location: 2F
1-1: Foul Ball, location: 2F
1-2: Hit by Pitch
Jeff Carter to second
Batting: LHB Gene Cooper 0-0: Ball
1-0: Called Strike
1-1: Called Strike
1-2: Strikes out swinging
Top of the 5th over - 0 run(s), 1 hit(s), 0 error(s), 2 left on base; St Charles 1 - Kansas City 3
BOTTOM OF THE 5TH
Kansas City Kings batting - Pitching for St Charles Sheens : RHP Oscar Wheeler
Pitching: LHP Shan Liu
Batting: LHB Marc Nichols 0-0: Called Strike
0-1: Fly out, F8 (Flyball, 8LS)
Batting: RHB Aaron Scott 0-0: Foul Ball, location: 2F
0-1: Ball
1-1: Foul Ball, location: 2F
1-2: Foul Ball, location: 2F
1-2: Ball
2-2: Ground out 4-3 (Groundball, 34)
Batting: LHB Vic Robertson 0-0: Ball
1-0: Called Strike
1-1: SINGLE (Line Drive, 9LS)
Batting: RHB Alonso Ramos 0-0: Called Strike
0-1: Ball
1-1: Ball
2-1: Foul Ball, location: 2F
2-2: Ball
3-2: Ground out 6-3 (Groundball, 6)
Bottom of the 5th over - 0 run(s), 1 hit(s), 0 error(s), 1 left on base; St Charles 1 - Kansas City 3
TOP OF THE 6TH
St Charles Sheens batting - Pitching for Kansas City Kings : RHP Ignacio Beltrán
Batting: RHB Daniel Robert 0-0: Foul Ball, location: 2F
0-1: Called Strike
0-2: Strikes out swinging
Batting: RHB Guo-xiu Choi 0-0: Ball
1-0: Ball
2-0: Fly out, F8 (Flyball, 8RD)
Batting: RHB Dan Tyler 0-0: Ball
1-0: Fly out, F6 (Popup, 6MD)
Top of the 6th over - 0 run(s), 0 hit(s), 0 error(s), 0 left on base; St Charles 1 - Kansas City 3
BOTTOM OF THE 6TH
Kansas City Kings batting - Pitching for St Charles Sheens : LHP Shan Liu
Batting: RHB Toshimichi Kono 0-0: Ball
1-0: SINGLE (Line Drive, 78S)
Batting: SHB Víctor Serrano 0-0: Swinging Strike
0-1: Swinging Strike
0-2: SINGLE (Groundball, 4MD)
Toshimichi Kono to second
Batting: LHB Ethan Marshall 0-0: Foul Ball, location: 2F
0-1: Foul Ball, location: 2F
0-2: Ball
1-2: Ball
2-2: Foul Ball, location: 2F
2-2: Strikes out looking
Pitching: LHP Malcolm Moore
Batting: RHB Dave Parker 0-0: Fly out, F9 (Flyball, 89M)
Pinch Hitting: RHB Shigemasa Ishida 0-0: Ball
1-0: Ball
2-0: Foul Ball, location: 2F
2-1: Ball
3-1: Base on Balls
Toshimichi Kono to third
Víctor Serrano to second
Pinch Hitting: RHB Tim Chambers 0-0: Called Strike
0-1: Ball
1-1: Foul Ball, location: 2F
1-2: Strikes out looking
Bottom of the 6th over - 0 run(s), 2 hit(s), 0 error(s), 3 left on base; St Charles 1 - Kansas City 3
TOP OF THE 7TH
St Charles Sheens batting - Pitching for Kansas City Kings : RHP Ignacio Beltrán
Pitching: LHP Rob Lucas
Now at 3B: Shigemasa Ishida
Now in RF: Tim Chambers
Batting: RHB Júlio Figueroa 0-0: Called Strike
0-1: Ball
1-1: Ground out 5-3 (Groundball, 56)
Batting: SHB Richard Bowman 0-0: Ball
1-0: Fly out, F8 (Flyball, 78M)
Batting: LHB Marcos Cantú 0-0: Ball
1-0: Foul Ball, location: 2F
1-1: Foul Ball, location: 2F
1-2: Ball
2-2: Ball
3-2: Fly out, F7 (Flyball, 78M)
Top of the 7th over - 0 run(s), 0 hit(s), 0 error(s), 0 left on base; St Charles 1 - Kansas City 3
BOTTOM OF THE 7TH
Kansas City Kings batting - Pitching for St Charles Sheens : LHP Malcolm Moore
Pinch Hitting: RHB Miguel Hernández 0-0: Ball
1-0: Ball
2-0: Ball
3-0: Base on Balls
Pitching: LHP Rubén Martínez
Pinch Hitting: RHB Adrian Prouse 0-0: Ball
1-0: Called Strike
1-1: Foul Ball, location: 2F
1-2: Hit by Pitch
Miguel Hernández to second
Pitching: RHP Álex Villegas
Pinch Hitting: LHB Matt Smith 0-0: Ball
1-0: SINGLE (Groundball, 6MD)
Miguel Hernández to third
Adrian Prouse to second
Pinch Hitting: LHB Mike Petersen 0-0: Called Strike
0-1: Ball
1-1: Called Strike
1-2: SINGLE (Groundball, 4MD)
Miguel Hernández scores
Adrian Prouse to third
Matt Smith to second
Runner from 3rd tries for Home, SAFE, no throw or cutoff
Batting: SHB Víctor Serrano 0-0: Called Strike
0-1: Ball
1-1: Grounds into double play, 6-4-3 (Groundball, 6M)
Matt Smith to third
Batting: RHB Benito Minardi 0-0: SINGLE (Groundball, 6D)
Matt Smith scores
Batting: RHB Dave Parker 0-0: Ball
1-0: Ball
2-0: Ground out 5-3 (Groundball, 5L)
Bottom of the 7th over - 3 run(s), 3 hit(s), 0 error(s), 1 left on base; St Charles 1 - Kansas City 6
TOP OF THE 8TH
St Charles Sheens batting - Pitching for Kansas City Kings : LHP Rob Lucas
Now at 2B: Miguel Hernández
Now at 3B: Matt Smith
Now in LF: Mike Petersen
Now in CF: Adrian Prouse
Pinch Hitting: RHB Judson Backstrom 0-0: Foul Ball, location: 2F
0-1: Ball
1-1: Ball
2-1: Ball
3-1: Called Strike
3-2: Foul Ball, location: 2F
3-2: Foul Ball, location: 2F
3-2: Ground out U3 (Groundball, 3)
Pinch Hitting: RHB Alfredo Rivera 0-0: Ball
1-0: Foul Ball, location: 2F
1-1: Swinging Strike
1-2: Fly out, F9 (Flyball, 9S)
Pinch Hitting: RHB Salvador Medine 0-0: Foul Ball, location: 2F
0-1: Ball
1-1: Called Strike
1-2: Ball
2-2: Foul Ball, location: 2F
2-2: Fly out, F8 (Flyball, 8RM)
Top of the 8th over - 0 run(s), 0 hit(s), 0 error(s), 0 left on base; St Charles 1 - Kansas City 6
BOTTOM OF THE 8TH
Kansas City Kings batting - Pitching for St Charles Sheens : RHP Álex Villegas
Now at 1B: Alfredo Rivera
Now at 3B: Kyle MacGregor
Now at SS: Salvador Medine
Batting: RHB Shigemasa Ishida 0-0: Ball
1-0: Ball
2-0: Ground out 5-3 (Groundball, 56)
Batting: RHB Tim Chambers 0-0: Ball
1-0: Ball
2-0: Foul Ball, location: 2F
2-1: Ball
3-1: Foul Ball, location: 2F
3-2: Base on Balls
Batting: RHB Miguel Hernández 0-0: Called Strike
0-1: Foul Ball, location: 2F
0-2: Strikes out swinging
Batting: RHB Adrian Prouse 0-0: Ball
1-0: Called Strike
1-1: Fly out, F5 (Popup, 5SF)
Bottom of the 8th over - 0 run(s), 0 hit(s), 0 error(s), 1 left on base; St Charles 1 - Kansas City 6
TOP OF THE 9TH
St Charles Sheens batting - Pitching for Kansas City Kings : LHP Rob Lucas
Pinch Hitting: RHB Júlio Hernández 0-0: Ball
1-0: Ball
2-0: Ball
3-0: Base on Balls
Batting: RHB Kel Pierce 0-0: Ball
1-0: Ball
2-0: Fly out, F7 (Flyball, 7LM)
Pinch Hitting: LHB Bob Ware 0-0: Ground out 4-3 (Groundball, 4M)
Júlio Hernández to second
Pinch Hitting: RHB Xavier Feliciano 0-0: Ball
1-0: Ball
2-0: Ball
3-0: Base on Balls
Batting: SHB Richard Bowman 0-0: Swinging Strike
0-1: Ball
1-1: Ground out 5-3 (Groundball, 15S)
Top of the 9th over - 0 run(s), 0 hit(s), 0 error(s), 2 left on base; St Charles 1 - Kansas City 6
This league is powered by Out of the Park Baseball, the baseball management simulation game for PC, Mac and Linux
Saturday, April 9th, 2016 - OOTP Baseball 16.8 Build 38